 Dungeon Crawl Stone Soup version 0.25-a0-185-g6cfeca75b2 (webtiles) character file.

Game seed: 10347437481390980239, levelgen mode: deterministic

26 MisterFreud the Charlatan (level 2, 0/13 HPs)
             Began as a Felid Artificer on Nov 27, 2019.
             Slain by a quokka (5 damage)
             ... on level 1 of the Dungeon.
             The game lasted 00:02:06 (1541 turns).

MisterFreud the Charlatan (Felid Artificer)         Turns: 1541, Time: 00:02:06

Health: 0/13       AC:  1    Str:  8    XL:     2   Next: 89%
Magic:  5/5        EV: 18    Int: 12    God:
Gold:   65         SH:  0    Dex: 16    Spells: 1/1 levels left
                                        Lives:  0   Deaths: 0

rFire    . . .     SeeInvis +     - Unarmed
rCold    . . .     Gourm    .   (shield unavailable)
rNeg     + . .     Faith    .   (armour unavailable)
rPois    .         Spirit   .   (helmet unavailable)
rElec    .         Reflect  .   (cloak unavailable)
rCorr    .         Harm     .   (gloves unavailable)
MR       .....                  (boots unavailable)
Stlth    ++........             (no amulet)
HPRegen  0.04/turn              g - ring of positive energy
MPRegen  0.09/turn              (no ring)

@: quick
A: very small, no armour, no weapons or thrown items, stealth, claws 1, fangs 3,
see invisible, carnivore, speed 1, shaggy fur 1, slow metabolism 1, sharp paws
a: no special abilities


You were on level 1 of the Dungeon.
You were completely stuffed.

You visited 1 branch of the dungeon, and saw 2 of its levels.

You collected 65 gold pieces.

Inventory:

Jewellery
 g - a ring of positive energy (left paw)
Wands
 a - a wand of flame (14)
 b - a wand of enslavement (15)
 c - a wand of random effects (13)
Scrolls
 e - a scroll of identify {unknown}
 f - a scroll of blinking {unknown}
Comestibles
 d - 3 rations
 h - a chunk of flesh


   Skills:
 + Level 2.9 Fighting
 - Level 2.6 Dodging
 - Level 1.3 Stealth
 - Level 1.0 Unarmed Combat
 - Level 3.2 Evocations


You had one spell level left.
You didn't know any spells.
Your spell library was empty.

Dungeon Overview and Level Annotations

Branches:
Dungeon (2/15)

Altars:
Yredelemnul

Annotations:
D:2 Terence


Innate Abilities, Weirdness & Mutations

You cannot wear armour.
You are incapable of wielding weapons or throwing items.
Your paws allow you to move quietly. (Stealth)
You have sharp claws.
You have razor-sharp teeth.
You have supernaturally acute eyesight. (SInv)
You are carnivorous and can eat meat at any time.
You cover ground quickly.
You are covered in fur. (AC +1)
You have a slow metabolism.
Your sharp claws are effective at attacking unaware monsters.


Message History

The quokka closely misses you.
You scratch the bullfrog skeleton. Your bite misses the bullfrog skeleton.
The bullfrog skeleton is moderately damaged.
The bullfrog skeleton barely misses you.
You scratch the quokka.
The quokka is heavily wounded.
You scratch the quokka but do no damage.
The quokka is heavily wounded.
The quokka bites you.
There is a stone staircase leading up here.
The quokka barely misses you.
You climb upwards.
There is a stone staircase leading down here.
You completely miss the quokka.
The quokka is moderately wounded.
The quokka misses you.
You scratch the quokka.
The quokka is almost dead.
The quokka bites you.
You die...

###.#######.#.##.# #.#
#.......#.######
#.####.......#......#
#.#..........######.######## ####
#.#.#.###.#.#..............#
...###.#.#.#.........#.#.#####.##
##..##.#.#.#.#.#.###.#.#.# #.#
###.##.#.#.#)......#.#.#.# #.#
...............r@#.#.#.#.# #.#
###..#.#.#.....#...#.#.#.# #.#
##.#.#.#..####...#.#.#.#####.#
#.#.#.#..####.#.#.#......##.#
#...#.#.........#.####.####.#
##..#.##.####.#.#......#....#
#..#.......#.#.######.#.#####
#..####.##.#.#...# #.#.#....
######.#.##.##.#.#.#.####.#.#.###


You could see a quokka.

Vanquished Creatures
  3 leopard geckos
  A giant cockroach (D:1)
  5 goblins
  3 hobgoblins
  2 kobolds (D:1)
  2 bats (D:1)
  2 frilled lizards (D:1)
  4 rats
22 creatures vanquished.

Notes
Turn   | Place    | Note
-------+----------+-------------------------------------------
     0 | D:1      | MisterFreud the Felid Artificer began the quest for the
                  | Orb.
     0 | D:1      | Reached XP level 1. HP: 9/9 MP: 4/4
   309 | D:1      | Reached XP level 2. HP: 10/13 MP: 5/5
  1277 | D:2      | Found a basalt altar of Yredelemnul.
  1284 | D:2      | Noticed Terence
  1541 | D:1      | Slain by a quokka

Levels and vault maps discovered:
D:1:      ncdulo_smallfort, layout_basic, minivault_19
D:2:      layout_rooms, yredelemnul_altar_generic, uniq_terence, uniq_sigmund

Skill      XL: |  1 |
---------------+----+-----
Fighting       | 2 |  2.9
Dodging        | |  2.6
Stealth        | |  1.3
Unarmed Combat | |  1.0
Evocations     | |  3.2

Action                   || total
-------------------------++-------
Melee: Unarmed           ||    69
       Bite              ||     5
Evoke: Wand              ||     3
 Stab: Sleeping          ||     4
  Eat: Chunk             ||     8
Dodge: Dodged            ||    64

Table legend:
 A = Non-vault XP
 B = Vault XP
 C = Vault XP percentage of total XP
 D = Non-vault monster count
 E = Vault monster count
 F = Vault count percentage of total count
                 A         B        C        D         E       F
            +---------+---------+-------+---------+---------+-------
      Total |      38 |       0 |   0.0 |      22 |       0 |   0.0
            +---------+---------+-------+---------+---------+-------
        D:1 |      28 |       0 |   0.0 |      17 |       0 |   0.0
        D:2 |      10 |       0 |   0.0 |       5 |       0 |   0.0
            +---------+---------+-------+---------+---------+-------
